 Dungeon Crawl Stone Soup version 0.17.0-28-g6e173f8 (webtiles) character file.

2807 ketsa the Cleaver (level 9, 0/75 HPs)
             Began as a Naga Fighter on Nov 28, 2015.
             Was a Believer of Cheibriados.
             Succumbed to a killer bee's poison
             ... on level 8 of the Dungeon.
             The game lasted 00:27:47 (8558 turns).

ketsa the Cleaver (Naga Fighter)                    Turns: 8558, Time: 00:27:48

Health: 0/75       AC: 15    Str: 31    XL:     9   Next: 72%
Magic:  10/10      EV:  7    Int: 14    God:    Cheibriados [**....]
Gold:   306        SH: 11    Dex: 16    Spells: 0 memorised, 8 levels left

rFire  . . .     SeeInvis +     a - +0 war axe
rCold  + . .     Clarity  .     q - +1 scale mail {rC+}
rNeg   . . .     SustAt   .     c - +0 shield
rPois  +         Gourm    .     u - +1 helmet
rElec  .         Spirit   .     R - +0 cloak
rCorr  .         Warding  .     (no gloves)
rMut   .         Stasis   .     (no barding)
MR     +....                    (no amulet)
Stlth  +++.......               I - ring of flight
                                h - +4 ring of protection

@: mighty, lethally poisoned (0 -> -1), short of breath, very slightly
contaminated, invisible, very slow, somewhat resistant to hostile enchantments,
fairly stealthy
A: see invisible, deformed body, poison resistance, slowness 2, slow metabolism
1, spit poison 2, AC +3
a: Spit Poison, Bend Time, Renounce Religion, Evoke Flight


You were on level 8 of the Dungeon.
You worshipped Cheibriados.
Cheibriados was pleased with you.
You were not hungry.

You visited 2 branches of the dungeon, and saw 9 of its levels.

You collected 306 gold pieces.

Inventory:

Hand Weapons
 a - a +0 war axe (weapon)
Missiles
 y - 38 poisoned needles
Armour
 b - a +0 scale mail
 c - a +0 shield (worn)
 q - a +1 scale mail of cold resistance (worn)
 u - a +1 helmet (worn)
 P - a +1 hat
 R - a +0 cloak (worn)
Jewellery
 h - a +4 ring of protection (left hand)
 k - an uncursed ring of stealth
 D - an uncursed ring of teleportation
 E - a +4 ring of strength
 F - an uncursed ring of sustain attributes
 I - a ring of flight (right hand)
Wands
 e - a wand of cold (9)
 t - a wand of digging (7)
 C - a wand of draining (2)
 O - a wand of digging (13)
 Q - a wand of flame (32)
Scrolls
 j - 7 scrolls of identify
 p - a scroll of amnesia
 x - 8 scrolls of remove curse
 B - 3 scrolls of teleportation
 J - 2 scrolls of fog
 K - a scroll of noise {unknown}
 L - a scroll of blinking
 N - 2 scrolls of immolation {unknown}
Potions
 d - a potion of might
 g - 3 potions of haste {unknown}
 n - 3 potions of lignification {unknown}
 o - a potion of cancellation {unknown}
 s - a potion of beneficial mutation {unknown}
 v - 3 potions of brilliance
 w - 2 potions of magic {unknown}
 A - 3 potions of heal wounds {unknown}
 G - 2 potions of degeneration {unknown}
 H - a potion of resistance {unknown}
Books
 r - a book of Geomancy

   Spells                             Type                      Level
   a - Sandblast                      Earth                        1
   b - Stoneskin                      Transmutation/Earth          2
   c - Passwall                       Transmutation/Earth          3
   d - Stone Arrow                    Conjuration/Earth            3
   e - Petrify                        Transmutation/Earth          4
   f - Lee's Rapid Deconstruction     Earth                        5
 M - a book of Cantrips

   Spells                             Type                      Level
   a - Corona                         Hexes                        1
   b - Animate Skeleton               Necromancy                   1
   c - Summon Small Mammal            Summoning                    1
   d - Apportation                    Translocation                1
Comestibles
 l - 2 meat rations
 m - 2 beef jerkies
 z - 4 bread rations


   Skills:
 - Level 3.0 Fighting
 * Level 8.5 Axes
 + Level 5.2 Armour
 + Level 8.4 Stealth
 + Level 5.4 Shields
 + Level 2.5 Invocations


You had 8 spell levels left.
You didn't know any spells.

Dungeon Overview and Level Annotations

Branches:
Dungeon (8/15)             Temple (1/1) D:6
   Lair: D:8-11

Altars:
Ashenzari
Cheibriados
Dithmenos
Elyvilon
Fedhas
Gozag
Kikubaaqudgha
Makhleb
Nemelex Xobeh
Okawaru
Qazlal
Ru
Sif Muna
Trog
Vehumet
Yredelemnul
Zin
The Shining One

Annotations:
D:7 Joseph
D:8 Maurice


Innate Abilities, Weirdness & Mutations

You cannot wear boots.
Your serpentine skin is tough (AC +3).
You have supernaturally acute eyesight.
Armour fits poorly on your strangely shaped body.
Your system is resistant to poisons.
You cover ground very slowly.
You have a slow metabolism.
You can spit poison.


Message History

The killer bee stings you but does no damage.
You block the worker ant's attack. The killer bee stings you.
* * * LOW HITPOINT WARNING * * *
Drink which item? (? for menu, Esc to quit)
You fade into invisibility!
You block the killer bee's attack. The worker ant closely misses you.
The killer bee barely misses you.
You are very lightly contaminated with residual magic.
You barely miss the killer bee.
The killer bee is heavily wounded.
You hit the worker ant.
The worker ant is moderately wounded.
You block the worker ant's attack. The killer bee closely misses you.
The worker ant bites you but does no damage.
You hit the killer bee.
You kill the killer bee!
Cheibriados thoroughly appreciates the change of pace.
You barely miss the worker ant.
The worker ant is moderately wounded.
You die...

......#.......# # .#
###.....#.......# # .#≈
#.......#.......###
.###≈###.......#.......'..
...............#.......###
...#......................
........†..# #...........
..........a####.........#.
.........@†.............#.
........###'####...##'#.#
.......†##.........<#...<.
........##.......†#.#.....
.......†##........#.#.....
........##........#.#.....
.........:........#.#.....
..................#.#.###.
.....#..............#.. .


You could see a worker ant.

Vanquished Creatures
  A queen bee (D:8)
  Sigmund (D:2)
  The ghost of Daaku the Magician, an amateur HEIE (D:3)
  A sky beast (D:5)
  An ice beast (D:5)
  2 ogres
  A phantom (D:6)
  A centaur (D:7)
  A big kobold (D:7)
  A scorpion (D:5)
  10 killer bees
  A crimson imp (D:7)
  2 giant frog zombies
  2 hounds
  Crazy Yiuf (D:7)
  3 giant frog skeletons
  Ijyb (D:2)
  3 iguanas
  4 jellies
  9 orc wizards
  4 worker ants
  Terence (D:2)
  3 orc priests
  2 hound skeletons
  Robin (D:2)
  11 adders
  2 shadow imps
  An ooze (D:3)
  2 adder skeletons
  2 worms
  5 giant geckos
  20 orcs
  10 giant cockroaches
  22 goblins
  12 hobgoblins
  5 jackals
  4 quokkas
  2 ball pythons (D:1)
  11 bats
  6 giant newts
  A jackal skeleton (D:6)
  10 kobolds
  9 rats
193 creatures vanquished.

Notes
Turn   | Place    | Note
--------------------------------------------------------------
     0 | D:1      | ketsa the Naga Fighter began the quest for the Orb.
     0 | D:1      | Reached XP level 1. HP: 21/21 MP: 1/1
    84 | D:1      | Reached XP level 2. HP: 14/28 MP: 2/2
   741 | D:1      | Reached XP level 3. HP: 34/34 MP: 3/3
  1191 | D:2      | Noticed Terence
  1206 | D:2      | Killed Terence
  1206 | D:2      | Reached skill level 1 in Stealth
  1206 | D:2      | Reached XP level 4. HP: 37/42 MP: 4/4
  1311 | D:2      | Noticed Robin
  1350 | D:2      | Killed Robin
  1824 | D:2      | Reached XP level 5. HP: 47/49 MP: 5/5
  1841 | D:2      | Noticed Sigmund
  1854 | D:2      | Killed Sigmund
  1854 | D:2      | Reached skill level 4 in Axes
  1854 | D:2      | Reached XP level 6. HP: 29/56 MP: 6/6
  2391 | D:2      | Noticed Ijyb
  2408 | D:2      | Killed Ijyb
  3210 | D:3      | Noticed Daaku's ghost (amateur HEIE)
  3237 | D:3      | Killed Daaku's ghost
  3237 | D:3      | Reached skill level 5 in Axes
  3237 | D:3      | Reached XP level 7. HP: 54/62 MP: 7/7
  3759 | D:5      | Entered Level 5 of the Dungeon
  4538 | D:4      | Reached skill level 5 in Stealth
  4866 | D:5      | Reached skill level 6 in Axes
  4866 | D:5      | Reached XP level 8. HP: 7/69 MP: 8/8
  6262 | D:6      | Reached skill level 7 in Axes
  6327 | D:6      | Found a staircase to the Ecumenical Temple.
  6334 | Temple   | Entered the Ecumenical Temple
  6438 | Temple   | Became a worshipper of Cheibriados the Contemplative
  6670 | D:6      | Reached XP level 9. HP: 71/75 MP: 9/9
  7195 | D:6      | Reached skill level 1 in Invocations
  7621 | D:7      | Noticed Joseph
  7797 | D:7      | Reached * piety under Cheibriados
  7803 | D:7      | Reached skill level 5 in Shields
  8026 | D:7      | Noticed Crazy Yiuf
  8037 | D:7      | Killed Crazy Yiuf
  8072 | D:7      | Reached skill level 5 in Armour
  8297 | D:8      | Reached ** piety under Cheibriados
  8297 | D:8      | Reached skill level 8 in Axes
  8329 | D:8      | Noticed Maurice
  8555 | D:8      | HP: 1/75 [killer bee (4)]
  8558 | D:8      | Succumbed to a killer bee's poison

Action                   |  1- 3 |  4- 6 |  7- 9 || total
-------------------------+-------+-------+-------++-------
Melee: War axe           |   132 |   145 |   492 ||   769
 Abil: Spit Poison       |       |       |     1 ||     1
  Use: Potion            |       |     2 |     6 ||     8
       Scroll            |       |     1 |     8 ||     9
 Stab: Sleeping          |       |     6 |    14 ||    20
       Invisible         |       |     1 |       ||     1
  Eat: Chunk             |       |     5 |       ||     5
       Bread ration      |       |     2 |     2 ||     4
